AoeStats
← gob b

Arena

504464659Analyzed
4v4 RM · 26d ago on Sep 5, 2026· 39m 37s· 8 players
Game mode
Random Map
Map size
Large (8 player)
Population
200
Speed
Normal
Resources
Standard
Victory
Conquest
Starting age
Dark Age
Ending age
Imperial Age
RankedLock teamsTeams togetherTeam positionsShared explorationLock speedFull tech treeHidden civsTurbo modeCheats
Victory
Defeat
🇨🇳 Ethiopians · China
1169
+14
🇨🇳 Byzantines · China
1163
+14
🇨🇳 Khmer · China
1143
+15
🇪🇸 Huns · Spain
1108
+18
🇮🇳 Bohemians · India
1161
-17
🇭🇰 Poles · Hong Kong SAR China
1134
-15
🇨🇳 Portuguese · China
1116
-15
🇻🇳 Goths · Vietnam
1097
-14
gob b
13:00 Feudal Age
16:42 Castle Age
14:36 Double-Bit Axe
14:48 Horse Collar
15:29 Forging
17:47 Bow Saw
18:17 Wheelbarrow
23:20 Heavy Plow
28:07 Imperial Age
26:17 Loom
26:50 Hand Cart
28:00 Iron Casting
27:25 Scale Mail Armor
28:48 Chemistry
28:09 Ballistics
30:16 Two-Man Saw
28:50 Pikeman
30:40 Padded Archer Armor
34:21 Blast Furnace
33:36 Chain Mail Armor
34:26 Halberdier
37:25 Plate Mail Armor
36:47 Fletching
1361331795
0:34 Loom
11:22 Feudal Age
16:09 Castle Age
14:26 Horse Collar
15:31 Double-Bit Axe
23:55 Bow Saw
24:16 Heavy Plow
25:30 Wheelbarrow
29:27 Imperial Age
27:09 Arson
27:07 Pikeman
28:52 Hand Cart
28:01 Elite Skirmisher
28:26 Crossbowman
30:06 Thumb Ring
31:09 Stone Mining
31:11 Gold Mining
30:48 Arbalester
31:17 Elite Skirmisher
32:25 Fletching
32:35 Padded Archer Armor
33:45 Stone Shaft Mining
33:47 Bodkin Arrow
34:08 Leather Archer Armor
35:18 Two-Man Saw
34:49 Crop Rotation
35:45 Bracer
36:15 Ring Archer Armor
36:38 Ballistics
37:19 Chemistry
38:12 Conscription
大润发杀鱼20年
4:49 Loom
11:10 Feudal Age
11:54 Double-Bit Axe
11:54 Horse Collar
17:48 Castle Age
17:30 Scale Barding Armor
17:28 Gold Mining
18:36 Heavy Plow
19:19 Bow Saw
18:47 Light Cavalry
20:24 Stone Mining
22:33 Stone Shaft Mining
25:12 Wheelbarrow
26:22 Hand Cart
30:44 Imperial Age
29:09 Chain Barding Armor
29:00 Forging
29:02 Bloodlines
28:52 Husbandry
28:52 Town Watch
29:57 Treadmill Crane
30:56 Iron Casting
31:52 Conscription
32:10 Crop Rotation
32:58 Blast Furnace
33:03 Redemption
33:42 Town Patrol
34:57 Lechitic Legacy
35:57 Winged Hussar
37:44 Scale Mail Armor
phuochoang1510
1:11 Loom
12:20 Feudal Age
16:39 Castle Age
15:46 Double-Bit Axe
15:43 Horse Collar
15:56 Stone Mining
16:30 Fletching
16:37 Fletching
21:27 Town Watch
27:39 Wheelbarrow
27:21 Bow Saw
27:27 Heavy Plow
27:19 Gold Mining
29:44 Hand Cart
30:27 Town Patrol
31:28 Crossbowman
32:16 Squires
31:37 Pikeman
36:14 Imperial Age
36:20 Imperial Age
33:55 Padded Archer Armor
36:24 Scale Mail Armor
36:36 Forging
36:40 Halberdier
38:10 Anarchy
El Jonan de Baraka
11:36 Feudal Age
16:09 Castle Age
14:25 Horse Collar
15:47 Double-Bit Axe
17:01 Heavy Plow
17:23 Bow Saw
23:37 Wheelbarrow
24:42 Gold Mining
25:00 Town Watch
26:37 Hand Cart
26:07 Loom
31:01 Imperial Age
28:47 Forging
28:43 Scale Barding Armor
29:29 Gold Shaft Mining
28:51 Stone Mining
29:26 Ballistics
29:17 Masonry
29:03 Murder Holes
29:27 Scale Barding Armor
30:13 Iron Casting
29:31 Fletching
31:01 Chain Barding Armor
31:23 Bodkin Arrow
31:38 Marauders
32:47 Blast Furnace
32:24 Plate Barding Armor
32:37 Conscription
31:39 Elite Tarkan
32:48 Bloodlines
32:39 Husbandry
34:01 Chemistry
32:32 Light Cavalry
34:00 Guilds
37:39 Hussar
40:59 Two-Man Saw
QWE
11:29 Feudal Age
12:11 Loom
15:31 Castle Age
14:06 Double-Bit Axe
16:14 Horse Collar
17:48 Wheelbarrow
21:10 Bow Saw
21:54 Fletching
25:16 Imperial Age
24:05 Hand Cart
24:09 Bow Saw
25:17 Bodkin Arrow
26:25 Gold Mining
29:37 Chemistry
28:57 Padded Archer Armor
28:58 Bracer
28:47 Treadmill Crane
30:08 Leather Archer Armor
32:30 Ring Archer Armor
31:59 Elite Skirmisher
36:11 Conscription
37:29 Hoardings
37:07 Fortified Wall
38:20 Scale Mail Armor
38:31 Forging
先知后觉是也
11:30 Feudal Age
14:42 Castle Age
12:37 Double-Bit Axe
15:21 Horse Collar
15:54 Bow Saw
16:02 Heavy Plow
23:20 Gold Mining
26:34 Gold Shaft Mining
26:47 Fortified Wall
26:58 Stone Mining
28:18 Husbandry
28:29 Bloodlines
31:21 Imperial Age
29:43 Light Cavalry
32:05 Forging
32:01 Scale Barding Armor
31:42 Elite Battle Elephant
33:05 Chain Barding Armor
33:23 Iron Casting
33:06 Capped Ram
33:52 Tusk Swords
34:33 Plate Barding Armor
35:07 Blast Furnace
34:54 Stone Shaft Mining
35:49 Heavy Scorpion
KONW
10:58 Feudal Age
14:29 Castle Age
16:11 Loom
17:21 Town Watch
18:44 Fletching
19:46 Horse Collar
19:55 Double-Bit Axe
22:08 Bow Saw
32:08 Imperial Age
29:41 Gold Mining
30:38 Wheelbarrow
30:53 Bodkin Arrow
31:17 Heavy Plow
31:00 Crossbowman
31:46 Thumb Ring
31:48 Padded Archer Armor
33:02 Leather Archer Armor
33:15 Conscription
32:23 Arbalester
33:43 Ballistics
34:23 Chemistry
34:04 Hand Cart
35:01 Bracer
34:30 Capped Ram
36:24 Ring Archer Armor
35:57 Siege Ram
Connection lost

Rejoining the realm…

Still unreachable

The connection could not be restored.

Session expired

The server has moved on; the page needs a fresh start.